 Dungeon Crawl Stone Soup version 0.20.1-1-g8b1a95d (webtiles) character file.

121 slep the Slasher (level 5, -2/31 HPs)
             Began as a Gargoyle Gladiator on Dec 27, 2017.
             Slain by an iguana (6 damage)
             ... on level 4 of the Dungeon.
             The game lasted 00:06:22 (1831 turns).

slep the Slasher (Gargoyle Gladiator)               Turns: 1831, Time: 00:06:22

Health: -2/31      AC: 10    Str: 17    XL:     5   Next: 5%
Magic:  5/5        EV: 12    Int:  9    God:
Gold:   275        SH:  0    Dex: 12    Spells: 4/4 levels left

rFire    + . .     SeeInvis .   a - +0 long sword
rCold    . . .     Gourm    .   (no shield)
rNeg     + . .     Faith    .   b - +0 leather armour
rPois    ∞         Spirit   .   c - +0 helmet
rElec    +         Reflect  .   (no cloak)
rCorr    .         Harm     .   k - +1 pair of gloves
MR       .....     Rnd*Tele +   (no boots)
Stlth    +.........             (no amulet)
Regen    0.1/turn               C - ring of teleportation (curse)
MPRegen  0.1/turn               v - ring of protection from fire

@: no status effects
A: negative energy resistance 1, electricity resistance, unbreathing,
petrification resistance, rot immunity, AC +4
a: no special abilities


You were on level 4 of the Dungeon.
You were not hungry.

You visited 1 branch of the dungeon, and saw 4 of its levels.

You collected 275 gold pieces.

Inventory:

Hand Weapons
 a - a +0 long sword (weapon)
 w - a +0 blowgun
Missiles
 d - 3 throwing nets (quivered)
 u - 59 sling bullets
 x - 25 poisoned needles
 y - 4 javelins
Armour
 b - a +0 leather armour (worn)
 c - a +0 helmet (worn)
 k - a +1 pair of gloves (worn)
Jewellery
 t - an uncursed ring of stealth
 v - a ring of protection from fire (right hand)
 C - a cursed ring of teleportation (left hand)
Scrolls
 e - 4 scrolls of identify {unknown}
 h - 3 scrolls of teleportation {unknown}
 i - 2 scrolls of fear {unknown}
 l - a scroll of magic mapping {unknown}
 m - 4 scrolls of remove curse {unknown}
 n - a scroll of amnesia {unknown}
 s - 2 scrolls of fog {unknown}
 z - a scroll of noise {unknown}
 A - a scroll of enchant weapon {unknown}
Potions
 g - a potion of invisibility {unknown}
 o - 2 potions of flight {unknown}
 p - 2 potions of lignification {unknown}
 q - a potion of brilliance {unknown}
 r - a potion of haste {unknown}
Comestibles
 f - 3 bread rations
 j - 4 meat rations
 B - a chunk of flesh


   Skills:
 + Level 2.5 Fighting
 + Level 3.6 Long Blades
 + Level 2.1 Throwing
 + Level 1.9 Armour
 + Level 3.0 Dodging
 + Level 0.8 Stealth


You had 4 spell levels left.
You didn't know any spells.

Dungeon Overview and Level Annotations

Branches:
Dungeon (4/15)
 Temple: D:4-7

Altars:
Cheibriados
Trog


Innate Abilities, Weirdness & Mutations

You are resistant to torment.
Your stone body is resilient. (AC +4)
You are immune to poison.
You resist negative energy. (rN+)
You are resistant to electric shocks. (rElec)
You can survive without breathing.
You are immune to petrification.
You are immune to rotting.


Message History

The iguana is heavily wounded.
The iguana barely misses you.
The iguana bites you but does no damage.
You completely miss the iguana.
The iguana is moderately wounded.
The iguana bites you.
You hit the iguana.
The iguana is heavily wounded.
The iguana bites you but does no damage.
You barely miss the iguana.
The iguana is heavily wounded.
The iguana bites you.
You barely miss the iguana.
The iguana is heavily wounded.
The iguana bites you! x2
* * * LOW HITPOINT WARNING * * *
You hit the iguana.
The iguana is severely wounded.
The iguana bites you.
You die...

+# ♣♣♣.♣♣♣
♣..♣..♣
#########♣.♣l♣.♣#
#.......'.♣@♣[♣.+
#.......#♣.♣.♣l♣
#.......#♣..♣..♣
#.......#♣♣♣l♣♣♣
#....<..# #+#
#.........#
#............
#.(.......#..
#......###.# #


You could see an iguana.

Vanquished Creatures
  5 adders
  2 oozes (D:2)
  2 worms
  A dart slug (D:2)
  2 leopard geckos
  2 orcs (D:3)
  3 giant cockroaches (D:2)
  6 goblins
  6 hobgoblins
  5 jackals (D:2)
  A quokka (D:3)
  4 bats
  3 frilled lizards
  6 kobolds
  11 rats
59 creatures vanquished.

Notes
Turn   | Place    | Note
-------+----------+-------------------------------------------
     0 | D:1      | slep the Gargoyle Gladiator began the quest for the Orb.
     0 | D:1      | Reached XP level 1. HP: 12/12 MP: 1/1
   506 | D:2      | Reached XP level 2. HP: 17/17 MP: 2/2
   691 | D:2      | Reached XP level 3. HP: 16/22 MP: 3/3
   788 | D:2      | Noticed a moth of wrath
   790 | D:2      | Found a bloodstained altar of Trog.
   802 | D:2      | Reached skill level 1 in Armour
   919 | D:2      | Reached XP level 4. HP: 25/27 MP: 4/4
  1219 | D:2      | Found a snail-covered altar of Cheibriados.
  1601 | D:3      | Reached XP level 5. HP: 31/31 MP: 5/5
  1831 | D:4      | Slain by an iguana

Skill      XL: |  1  2  3  4 |
---------------+-------------+-----
Throwing       | 2 |  2.1
Long Blades    | 3 |  3.6
Armour         | 1 |  1.9
Dodging        | 3 |  3.0
Fighting       | |  2.5
Stealth        | |  0.8

Action                   |  1- 3 |  4- 6 || total
-------------------------+-------+-------++-------
Melee: Long sword        |    73 |    82 ||   155
 Stab: Sleeping          |     1 |     4 ||     5
       Distracted        |     1 |       ||     1
  Eat: Chunk             |       |     3 ||     3
Armor: Leather armour    |    31 |    45 ||    76
Dodge: Dodged            |    65 |    58 ||   123
       Rpst.: Long sword |    19 |    18 ||    37
